 Dungeon Crawl Stone Soup version 0.25-a0-413-g3b4b6a4ccc (webtiles) character file.

Game seed: 7672078753140983726, levelgen mode: deterministic

49 Borgoz the Skirmisher (level 3, -3/24 HPs)
             Began as a Gargoyle Berserker on Jan 16, 2020.
             Was a Follower of Trog.
             Slain by a worm (4 damage)
             ... on level 2 of the Dungeon.
             The game lasted 00:01:28 (1582 turns).

Borgoz the Skirmisher (Gargoyle Berserker)          Turns: 1582, Time: 00:01:28

Health: -3/24      AC:  9    Str: 21    XL:     3   Next: 77%
Magic:  3/3        EV: 11    Int:  7    God:    Trog [*.....]
Gold:   88         SH:  0    Dex:  9    Spells: 2/2 levels left

rFire    . . .     SeeInvis .   a - +0 mace
rCold    . . .     Gourm    .   (no shield)
rNeg     + . .     Faith    .   o - +0 ring mail (curse)
rPois    ∞         Spirit   .   (no helmet)
rElec    +         Reflect  .   (no cloak)
rCorr    .         Harm     .   d - +0 pair of gloves
MR       .....                  (no boots)
Stlth    ..........             (no amulet)
HPRegen  0.08/turn              (no ring)
MPRegen  0.08/turn              (no ring)

@: confused
A: negative energy resistance 1, electricity resistance, unbreathing,
petrification resistance, rot immunity, AC +3
a: Berserk, Renounce Religion


You were on level 2 of the Dungeon.
You worshipped Trog.
Trog was aware of your devotion.
You were not hungry.

You visited 1 branch of the dungeon, and saw 2 of its levels.

You collected 88 gold pieces.

Inventory:

Hand Weapons
 a - a +0 mace (weapon)
Armour
 d - a +0 pair of gloves (worn)
 o - a cursed +0 ring mail (worn)
Wands
 m - a wand of digging (6)
Scrolls
 b - 4 scrolls of teleportation {unknown}
 g - 2 scrolls of immolation {unknown}
 j - a scroll of noise {unknown}
 l - a scroll of amnesia {unknown}
Potions
 f - a potion of heal wounds
 h - a potion of curing {unknown}
 k - a potion of agility {unknown}
 n - a potion of might {unknown}
Comestibles
 c - 4 rations


   Skills:
 + Level 3.8 Fighting
 + Level 3.4 Maces & Flails
 + Level 2.9 Armour
 + Level 2.1 Dodging


You had 2 spell levels left.
You didn't know any spells.
Your spell library was empty.

Dungeon Overview and Level Annotations

Branches:
Dungeon (2/15)

Altars:

Annotations:
D:2 Sigmund


Innate Abilities, Weirdness & Mutations

You are resistant to torment.
Your stone body is resilient. (AC +3)
You are immune to poison.
You resist negative energy. (rN+)
You are resistant to electric shocks. (rElec)
You can survive without breathing.
You are immune to petrification.
You are immune to rotting.


Message History

Something hits you but does no damage. The rat barely misses you.
You hit the rat but do no damage. Something hits you.
The rat bites you but does no damage.
You miss something. The rat bites you but does no damage.
You hear some strange, mumbled words.
You are more confused.
The rat misses you.
You're too confused!
You miss the rat. Something hits you. The rat closely misses you.
Something hits you but does no damage.
You closely miss the rat. The rat bites you but does no damage.
Something hits you. The worm barely misses you.
You hit the rat.
The rat is severely wounded.
Something hits you but does no damage. The rat bites you.
You completely miss something. The rat closely misses you. Something hits you!
* * * LOW HITPOINT WARNING * * *
The worm bites you.
You die...

#...................#.....
#.....................)...
#...............##........
#.........................
#.........#.....##........
#######..####...# #........
.....##..†#.....##..........
......#.#.r......###......##
..........{@......#####.#..
..........w.......# #.##
..................#
.......#..<........
.......##..(....... ...?$..
#........#. ......#
#.........# .....#
#.......... ##### #.....!...


You could see a worm and a rat.

Vanquished Creatures
  An adder (D:2)
  2 oozes (D:2)
  A dart slug (D:1)
  5 bats
  A giant cockroach (D:1)
  2 goblins (D:1)
  2 hobgoblins (D:2)
  5 jackals
  7 kobolds
  3 rats
29 creatures vanquished.

Notes
Turn   | Place    | Note
-------+----------+-------------------------------------------
     0 | D:1      | Borgoz the Gargoyle Berserker began the quest for the Orb.
     0 | D:1      | Reached XP level 1. HP: 14/14 MP: 1/1
   382 | D:1      | Reached XP level 2. HP: 19/19 MP: 2/2
  1146 | D:2      | Reached XP level 3. HP: 21/24 MP: 3/3
  1564 | D:2      | Noticed Sigmund
  1582 | D:2      | HP: 1/24 [something (10)]
  1582 | D:2      | Slain by a worm

Levels and vault maps discovered:
D:1:      roderic_dead_forest, layout_basic
D:2:      layout_rooms, lemuel_crystal_altar, uniq_natasha, uniq_sigmund

Skill      XL: |  1  2 |
---------------+-------+-----
Dodging        | 2 |  2.1
Fighting       | |  3.8
Maces & Flails | |  3.4
Armour         | |  2.9

Action                   || total
-------------------------++-------
Melee: Mace              ||   106
Invok: Berserk           ||     1
  Use: Potion            ||     2
  Eat: Ration            ||     1
Armor: Animal skin       ||    22
       Ring mail         ||    34
Dodge: Dodged            ||    87

Table legend:
 A = Non-vault XP
 B = Vault XP
 C = Vault XP percentage of total XP
 D = Non-vault monster count
 E = Vault monster count
 F = Vault count percentage of total count
                 A         B        C        D         E       F
            +---------+---------+-------+---------+---------+-------
      Total |      71 |       0 |   0.0 |      29 |       0 |   0.0
            +---------+---------+-------+---------+---------+-------
        D:1 |      33 |       0 |   0.0 |      19 |       0 |   0.0
        D:2 |      38 |       0 |   0.0 |      10 |       0 |   0.0
            +---------+---------+-------+---------+---------+-------
